 Dungeon Crawl Stone Soup version 0.14-a0-50-gc6ee670 (webtiles) character file.

149 4tharraofdagon the Ruffian (level 4, -3/66 HPs)
             Began as a Troll Monk on Sept 29, 2013.
             Slain by smajdalf's ghost (5 damage)
             ... on Level 7 of the Dungeon.
             The game lasted 00:02:04 (506 turns).

4tharraofdagon the Ruffian (Troll Monk)              Turns: 506, Time: 00:02:04

HP  -3/66        AC  5     Str 26      XL: 4   Next: 62%
MP   1/1         EV 11     Int  7      God:
Gold 38          SH  0     Dex 16      Spells:  0 memorised,  3 levels left

Res.Fire  : . . .   See Invis. : .     - Unarmed
Res.Cold  : . . .   Warding    : .   a - +0 robe
Life Prot.: . . .   Conserve   : .   (shield restricted)
Res.Poison: .       Res.Corr.  : .   (helmet restricted)
Res.Elec. : .       Clarity    : .   (no cloak)
Sust.Abil.: . .     Spirit.Shd : .   (gloves unavailable)
Res.Mut.  : .       Stasis     : .   (boots unavailable)
Res.Rott. : .       Flight     : .   (no amulet)
Gourmand  : +                        d - +2 ring of strength
                                     c - +4 ring of dexterity

@: berserking (expiring), very quick, slightly resistant to hostile
enchantments, extremely unstealthy
A: unfitting armour, claws 3, fast metabolism 3, gourmand, regeneration 2,
saprovore 2, tough skin 2, AC +1
a: no special abilities


You were on level 7 of the Dungeon.
You were full.

You visited 1 branch of the dungeon, and saw 7 of its levels.

You collected 38 gold pieces.

Inventory:

Armour
 a - a +0 robe (worn)
Comestibles
 b - 2 meat rations
Scrolls
 e - 2 scrolls of magic mapping {unknown}
 f - 2 scrolls of enchant armour {unknown}
 g - 2 scrolls of identify {unknown}
 h - a scroll of remove curse {unknown}
 i - a scroll of amnesia {unknown}
Jewellery
 c - a +4 ring of dexterity (left claw)
 d - a +2 ring of strength (right claw)
Potions
 k - a potion of curing {unknown}
 l - a potion of speed {unknown}
 m - a potion of restore abilities {unknown}


   Skills:
 - Level 2.4 Fighting
 - Level 2.4 Dodging
 - Level 1.1 Stealth
 + Level 6.1 Unarmed Combat


You had 3 spell levels left.
You didn't know any spells.

Dungeon Overview and Level Annotations

Branches:
Dungeon (7/27)
 Temple: D:4-7          Orc: D:6-11

Altars:

Shops:
D:4 }

Annotations:
D:3 1 exclusion
D:6 Pikel
D:7 smajdalf's ghost, experienced OpCj


Innate Abilities, Weirdness & Mutations

You are too large for most types of armour.
You have claws for hands.
Your metabolism is lightning-fast.
You like to eat raw meat.
You heal very quickly.
You can eat rotten meat.
You are covered in fur (AC +1).
You have very tough skin (AC +2).


Message History

There is a stone staircase leading up here.
Things that are here:
an orcish whip; 2 tomahawks; an orcish chain mail You feel a strong urge to attack something.
Found an inky potion.
You claw smajdalf's ghost!
Smajdalf's ghost is moderately damaged.
Smajdalf's ghost hits you!
* * * LOW HITPOINT WARNING * * *
You closely miss smajdalf's ghost.
Smajdalf's ghost is moderately damaged.
You claw smajdalf's ghost! You claw smajdalf's ghost.
Smajdalf's ghost is severely damaged.
Smajdalf's ghost gestures at you while chanting.
The puff of flame hits you!
* * * LOW HITPOINT WARNING * * *
You hit smajdalf's ghost.
Smajdalf's ghost is severely damaged.
Smajdalf's ghost hits you.
You die...

!#
#####.###
##.......##
..........
#.......#
#.......#
#...p...#
#@# #<# #[#
#(# #.# #.#
#+#


You could see smajdalf's ghost.

Vanquished Creatures
  2 slaves (D:7)
  An orc priest (D:3)
  An orc wizard (D:3)
  2 adders
  A giant mite (D:3)
  2 giant geckos
  4 orcs
  A giant cockroach (D:4)
  2 hobgoblins
  2 kobolds
  2 bats
  3 goblins
  An orc skeleton (D:3)
  2 quokkas
  2 rats
28 creatures vanquished.

Notes
Turn   | Place    | Note
--------------------------------------------------------------
     0 | D:1      | 4tharraofdagon, the Troll Monk, began the quest for the Orb.
     0 | D:1      | Reached XP level 1. HP: 20/20 MP: 0/0
   111 | D:3      | Reached XP level 2. HP: 28/28 MP: 0/0
   213 | D:3      | Reached skill level 5 in Unarmed Combat
   271 | D:3      | Reached XP level 3. HP: 35/35 MP: 1/1
   279 | D:3      | Noticed an orc priest
   284 | D:3      | Killed an orc priest
   287 | D:3      | Noticed an orc wizard
   292 | D:3      | Killed an orc wizard
   292 | D:3      | Reached XP level 4. HP: 40/44 MP: 1/1
   357 | D:4      | Found Qyasm's Gadget Boutique.
   385 | D:5      | Entered Level 5 of the Dungeon
   396 | D:5      | Reached skill level 6 in Unarmed Combat
   477 | D:6      | Noticed Pikel
   477 | D:6      | Noticed a slave
   477 | D:6      | Noticed a slave
   477 | D:6      | Noticed a slave
   477 | D:6      | Noticed a slave
   490 | D:7      | Killed a slave
   498 | D:7      | Killed a slave
   501 | D:7      | Noticed smajdalf's ghost (experienced OpCj)
   505 | D:7      | HP: 2/66 [smajdalf's ghost/puff of flame (8)]
   506 | D:7      | Slain by smajdalf's ghost

Action                   |  1- 3 |  4- 6 || total
-------------------------+-------+-------++-------
Melee: Unarmed           |    49 |    24 ||    73
  Use: Potion            |       |     1 ||     1
